[Event "Early-Titled-Tuesday-Blitz-August-29-2023"]
[Site "Chess.com"]
[Date "2023.08.29"]
[Round "1"]
[White "Magila31"]
[Black "PLAYER_2006_M"]
[Result "0-1"]
[WhiteElo "2476"]
[BlackElo "2899"]
[TimeControl "180+1"]
[EndTime "8:06:43 PDT"]
[Termination "PLAYER_2006_M won by resignation"]

1. d4 e6 2. c4 b6 3. Nc3 Bb7 4.
Qc2 Bb4 5. Nf3 Nf6 6. Bg5 h6 7.
Bh4 g5 8. Bg3 Ne4 9. Nd2 Bxc3 10.
bxc3 Nxg3 11. hxg3 Kf8 12. e4 Kg7 13. Be2 d6 14. f4 Nd7 15. Bf3 e5 16. O-O-O Qf6 17. fxe5 dxe5 18. Nf1 g4 19. Be2 Qg5+ 20. Kb2 h5 21.
Qd2 Qxd2+ 22. Nxd2 Rad8 23. Nb3 Bxe4 24. c5 Bb7 25.
Rhf1 bxc5 26. dxc5 Bxg2 27. Rf2 Be4 28. Bc4 Bg6 29.
Rfd2 Bf5 30. Rf2 Be6 31. Bxe6 fxe6 32. Rfd2 h4 33. Rxd7+ Rxd7 34. Rxd7+ Kf6 35. gxh4 g3 36. Rd2 Rxh4 37. Rg2 Rh2 0-1

[Event "Early-Titled-Tuesday-Blitz-August-29-2023"]
[Site "Chess.com"]
[Date "2023.08.29"]
[Round "1"]
[White "dodoucb"]
[Black "Fantastic_Power"]
[Result "0-1"]
[WhiteElo "2420"]
[BlackElo "2771"]
[TimeControl "180+1"]
[EndTime "8:06:45 PDT"]
[Termination "Fantastic_Power won by resignation"]

1. d4 Nf6 2. c4 e6 3. Nf3 c5 4. d5 b5 5. Nc3 b4 6. Nb1 d6 7. Bg5 Bb7 8. dxe6 fxe6 9. Nbd2 h6 10. Bh4 Nbd7 11. Qc2 Qe7 12. e4 g5 13. Bg3 Nh5 14.
Be2 Bg7 15. e5 Nxg3 16. exd6 Qxd6 17. Qg6+ Kf8 18. hxg3 Ne5 19. Qc2 Rd8 20. O-O Nc6 21.
Ne4 Qe7 22. g4 Nd4 23. Nxd4 Rxd4 24. Ng3 Be5 25. Nh5 Be4 26. Qa4 Bg6 27. Rad1 Bxh5 28.
gxh5 Kg7 29. Qc6 Rf8 30. Rxd4 Bxd4 31. Qe4 Qf6 32. Bf3 Qf5 33. Qb7+ Rf7 34. Qc8 g4 0-1

[Event "Early-Titled-Tuesday-Blitz-August-29-2023"]
[Site "Chess.com"]
[Date "2023.08.29"]
[Round "1"]
[White "Kubas1010"]
[Black "Thormento16"]
[Result "1-0"]
[WhiteElo "2686"]
[BlackElo "2370"]
[TimeControl "180+1"]
[EndTime "8:06:46 PDT"]
[Termination "Kubas1010 won by resignation"]

1. e4 e5 2. Nf3 Nc6 3. Bc4 Nf6 4.
d3 Be7 5. O-O O-O 6. Re1 d6 7.
a4 a6 8. a5 Bg4 9. Nbd2 h6 10. h3 Bh5 11. Nf1 Nd4 12. g4 Nxf3+ 13. Qxf3 Bg6 14. Ng3 Nh7 15. Kh1 Bg5 16. Nf5 c6 17.
Rg1 Rc8 18. Be3 d5 19. Bb3 d4 20. Bc1 Re8 21. Qg3 Bxc1 22. Raxc1 Nf8 23. h4 Ne6 24. Qxe5 Bxf5 25. gxf5 Qxh4+ 26. Qh2 Qxh2+ 27. Kxh2 Ng5 28. Rg3 Kh7 29. f4 Nxe4 30. dxe4 Rxe4 31. Bxf7 Rc7 32.
Bg6+ Kg8 33. f6 Re2+ 34. Kh3 gxf6 35. Bd3+ 1-0

[Event "Early-Titled-Tuesday-Blitz-August-29-2023"]
[Site "Chess.com"]
[Date "2023.08.29"]
[Round "1"]
[White "DeArron_Fox"]
[Black "ViIIagra"]
[Result "0-1"]
[WhiteElo "2491"]
[BlackElo "2932"]
[TimeControl "180+1"]
[EndTime "8:06:47 PDT"]
[Termination "ViIIagra won on time"]

1. d4 d5 2. c4 e6 3. Nc3 f5 4. Nf3 Nf6 5. e3 c6 6. Ne5 Bd6 7. f4 O-O 8. Be2 Bd7 9. O-O Be8 10. Bd2 Kh8 11. Be1 Nbd7 12. Bh4 Be7 13. a3 a5 14. Rb1 a4 15. Nxa4 Nxe5 16. fxe5 Ne4 17.
Bxe7 Qxe7 18. Nc3 Nxc3 19. bxc3 Rxa3 20. Qd2 Bg6 21. Qb2 Ra7 22. Qb4 Qf7 23. Rb2 Rfa8 24. Qd6 h6 25. cxd5 cxd5 26. c4 Ra2 27. Rxa2 Rxa2 28. Re1 f4 29. cxd5 fxe3 30. Qd8+ Kh7 31. Qh4 exd5 32. h3 Qf5 33. Kh2 Qf2 34. Qg3 Rxe2 35.
Rxe2 Qxe2 36. h4 Qf2 37. Qg4 e2 38. h5 Bf5 0-1

[Event "Early-Titled-Tuesday-Blitz-August-29-2023"]
[Site "Chess.com"]
[Date "2023.08.29"]
[Round "1"]
[White "Kezin_Roman"]
[Black "realburq"]
[Result "1-0"]
[WhiteElo "2795"]
[BlackElo "2424"]
[TimeControl "180+1"]
[EndTime "8:06:47 PDT"]
[Termination "Kezin_Roman won by checkmate"]

1. Nc3 Nf6 2. Nf3 d5 3. d3 Nbd7 4. e4 dxe4 5. dxe4 e5 6. Bc4 Bd6 7.
Nb5 Bb4+ 8. c3 Be7 9. Bxf7+ Kxf7 10. Ng5+ Kg6 11. h4 h5 12. Ne6 Qg8 13. Nbxc7 Nb6 14. Qb3 Bxe6 15. Nxe6 Rc8 16. f4 Rc4 17. f5+ Kh7 18. Ng5+ Kh6 19. Be3 Ng4 20. Bd2 Qc8 21. O-O-O Qc6 22. Rde1 Rc8 23. Kb1 Na4 24. Ka1 b5 25.
Qd1 Nxb2 26. Kxb2 Rxc3 27. Ne6+ Kh7 28. Bxc3 Qxc3+ 29. Kb1 Ba3 30. Qb3 Qxb3+ 31. axb3 Nf2 32. Rhf1 Nd3 33. Rd1 Nb4 34. Rd8 Rc2 35. Ng5+ Kh6 36. Rh8# 1-0

[Event "Early-Titled-Tuesday-Blitz-August-29-2023"]
[Site "Chess.com"]
[Date "2023.08.29"]
[Round "1"]
[White "YEIKO2017"]
[Black "vovachesss"]
[Result "1-0"]
[WhiteElo "2444"]
[BlackElo "2791"]
[TimeControl "180+1"]
[EndTime "8:06:48 PDT"]
[Termination "YEIKO2017 won on time"]

1. e4 c6 2. Nc3 d5 3. Nf3 Bg4 4. h3 Bxf3 5. Qxf3 e6 6. d4 Nf6 7.
Bd3 Bb4 8. e5 Nfd7 9. Qg3 g6 10.
O-O c5 11. a3 Ba5 12. Nb5 Bc7 13. Bg5 Qc8 14. c3 Nc6 15. b4 cxd4 16. cxd4 O-O 17.
Nxc7 Qxc7 18. Qh4 Qb6 19. b5 Na5 20. Rad1 Rac8 21. Qh6 Kh8 22. h4 Nb3 23. h5 Rg8 24. hxg6 fxg6 25. g3 Nxd4 26. Kg2 Nf5 27. Bxf5 gxf5 28.
Rh1 Rg7 29. Bf6 Nxf6 30. Qxf6 Kg8 31. Rh6 Re8 32. Rdh1 Qc7 33. Rxh7 1-0

[Event "Early-Titled-Tuesday-Blitz-August-29-2023"]
[Site "Chess.com"]
[Date "2023.08.29"]
[Round "1"]
[White "PeshkaCh"]
[Black "TC2304"]
[Result "0-1"]
[WhiteElo "2786"]
[BlackElo "2441"]
[TimeControl "180+1"]
[EndTime "8:06:48 PDT"]
[Termination "TC2304 won by checkmate"]

1. Nf3 Nf6 2. d4 d5 3. c4 c6 4. e3 a6 5. Nbd2 Bf5 6. h3 e6 7. Nh4 Bg6 8. Nxg6 hxg6 9. Bd3 Nbd7 10. O-O Bd6 11. e4 dxe4 12. Nxe4 Nxe4 13. Bxe4 Nf6 14. Bc2 c5 15. dxc5 Bxc5 16. Ba4+ Ke7 17. Qf3 Qb6 18. a3 Rad8 19. b4 Bd4 20. c5 Qc7 21. Bf4 e5 22.
Rae1 Kf8 23. Bh2 a5 24. Qe2 axb4 25. axb4 Rh5 26. Rd1 Qe7 27. Rfe1 b6 28. c6 Qxb4 29. c7 Rc8 30. Bxe5 Rxe5 31. Qxe5 Bxe5 32. Rd8+ Ne8 33. Rxe5 Qxa4 34. Rxc8 Qa1+ 35. Kh2 Qxe5+ 36. g3 Qxc7 37. Rxc7 Nxc7 38. Kg2 Ke7 39. Kf3 Ke6 40. Ke4 b5 41. Kd4 f5 42. Kc5 Ke5 43. f3 f4 44. g4 g5 45. Kb4 Kd4 46. Ka5 Ke3 47. Kb6 Kxf3 48. Kxc7 b4 49. Kd6 b3 50. Ke5 b2 51. Kf5 b1=Q+ 52.
Kxg5 Kg3 53. h4 f3 54. h5 Qh7 55. h6 Qxh6+ 56. Kf5 Qf6+ 57. Ke4 Qf4+ 58. Kd3 f2 59. Ke2 f1=Q# 0-1

[Event "Early-Titled-Tuesday-Blitz-August-29-2023"]
[Site "Chess.com"]
[Date "2023.08.29"]
[Round "1"]
[White "Oleksandr_Bortnyk"]
[Black "Tonychess32"]
[Result "1-0"]
[WhiteElo "3028"]
[BlackElo "2518"]
[TimeControl "180+1"]
[EndTime "8:06:51 PDT"]
[Termination "Oleksandr_Bortnyk won by checkmate"]

1. e4 e6 2. d4 d5 3. Nc3 dxe4 4. Nxe4 Nd7 5. Bd3 Ngf6 6. Qe2 Be7 7. Nf3 O-O 8. Bg5 c5 9. O-O-O cxd4 10. Nxf6+ Nxf6 11. h4 Bd7 12. Nxd4 Qa5 13. Kb1 Rad8 14. f4 Rfe8 15. c3 Ba4 16. Rde1 Qb6 17. h5 h6 18. g4 hxg5 19. fxg5 Bc6 20. h6 Nd5 21. Bh7+ Kxh7 22. hxg7+ Kxg7 23. Qe5+ Nf6 24. Rh6 Rd5 25. gxf6+ Bxf6 26. Qxf6+ Kf8 27. Rh8# 1-0

[Event "Early-Titled-Tuesday-Blitz-August-29-2023"]
[Site "Chess.com"]
[Date "2023.08.29"]
[Round "1"]
[White "Markov_Mikhail"]
[Black "IPAchess"]
[Result "1-0"]
[WhiteElo "2651"]
[BlackElo "2323"]
[TimeControl "180+1"]
[EndTime "8:06:51 PDT"]
[Termination "Markov_Mikhail won by checkmate"]

1. c4 e6 2. Nf3 Nf6 3. g3 d5 4.
Bg2 Be7 5. O-O d4 6. d3 c5 7. a3 Nc6 8. b4 cxb4 9. axb4 Bxb4 10. Qa4 O-O 11. Ba3 Bxa3 12. Nxa3 e5 13. c5 Nd5 14.
Nc4 Nc3 15. Qc2 Qe7 16. Nb6 Rb8 17. Na4 Nd5 18. Nd2 Be6 19. Ne4 b6 20. Rfb1 bxc5 21. Naxc5 Rxb1+ 22. Rxb1 Rb8 23. Ra1 Ncb4 24. Qa4 Bf5 25. Qxa7 Qxa7 26. Rxa7 h6 27. h4 Bxe4 28. Bxe4 Nc3 29. Bf3 Nbd5 30. Nd7 Rb1+ 31. Kg2 Rb2 32. Nxe5 Nxe2 33. Bxd5 Nc3 34. Bxf7+ Kf8 35. Ng6# 1-0

[Event "Early-Titled-Tuesday-Blitz-August-29-2023"]
[Site "Chess.com"]
[Date "2023.08.29"]
[Round "1"]
[White "astralpulse"]
[Black "underthebridge1999"]
[Result "1-0"]
[WhiteElo "2626"]
[BlackElo "2292"]
[TimeControl "180+1"]
[EndTime "8:06:51 PDT"]
[Termination "astralpulse won by resignation"]

1. Nf3 d6 2. d4 g6 3. c4 Bg7 4. Nc3 Nd7 5. e4 c5 6. d5 Ngf6 7. Bd3 O-O 8. O-O e5 9. dxe6 fxe6 10. h3 Nh5 11. Bg5 Qb6 12. Qd2 Ne5 13. Be2 Bd7 14.
Nxe5 Bxe5 15. Bxh5 gxh5 16. Rad1 Be8 17. Bh6 Rf6 18.
Be3 Rg6 19. f4 Bxc3 20. Qxc3 Ba4 21. b3 Bc6 22. Qc2 Rd8 23. Bc1 Qc7 24. Bb2 Qf7 25.
Rf3 h6 26. f5 exf5 27. Rxf5 Qe6 28. Qc3 Qxf5 29. exf5 Rxg2+ 30. Kf1 Rf8 31. Qh8+ Kf7 32. Qh7+ Ke8 33. Re1+ Kd8 34. Qe7+ 1-0

[Event "Early-Titled-Tuesday-Blitz-August-29-2023"]
[Site "Chess.com"]
[Date "2023.08.29"]
[Round "1"]
[White "gshwbedhkhd"]
[Black "AlexNovitz"]
[Result "1-0"]
[WhiteElo "2590"]
[BlackElo "2218"]
[TimeControl "180+1"]
[EndTime "8:06:52 PDT"]
[Termination "gshwbedhkhd won on time"]

1. f4 e5 2. fxe5 d6 3. exd6 Bxd6 4. Nf3 Bg4 5. e4 c5 6. Bc4 Nf6 7. d3 Nc6 8. O-O Ne5 9. Bb5+ Kf8 10. Nbd2 a6 11.
Bc4 b5 12. Bb3 Rc8 13. Qe2 h5 14. a4 h4 15. axb5 axb5 16. Kh1 Bb8 17. h3 Bh5 18. Qf2 Qd6 19. Nxe5 Qxe5 20. Nf3 Bxf3 21. gxf3 c4 22. dxc4 bxc4 23. Ba4 Nh5 24. Bd7 Ng3+ 25. Kg2 Rd8 26. Bc6 Rd6 27. Bd5 Rxd5 28. exd5 Qxd5 29. Re1 g6 30.
Be3 Kg7 31. Bd4+ f6 32. Re7+ 1-0

[Event "Early-Titled-Tuesday-Blitz-August-29-2023"]
[Site "Chess.com"]
[Date "2023.08.29"]
[Round "1"]
[White "Ariadna_Atreides"]
[Black "Martial2008"]
[Result "0-1"]
[WhiteElo "2241"]
[BlackElo "2604"]
[TimeControl "180+1"]
[EndTime "8:06:53 PDT"]
[Termination "Martial2008 won by checkmate"]

1. d4 Nf6 2. Nf3 e6 3. e3 d5 4. Bd3 c5 5. Nbd2 c4 6. Be2 Bd6 7. O-O O-O 8. a4 Nc6 9. c3 e5 10. dxe5 Nxe5 11. Nxe5 Bxe5 12. Nf3 Bc7 13. b3 cxb3 14.
Qxb3 Bg4 15. Ba3 Re8 16. h3 Bh5 17. Qxb7 Ne4 18. Bb5 Bxf3 19. Bxe8 Qg5 20. Bxf7+ Kh8 21. Qxa8+ Bd8 22. g4 Bxg4 23. f4 Qh4 24. hxg4 Qxg4+ 25. Kh2 Qg3+ 26. Kh1 Qh3+ 27. Kg1 Qxe3+ 28. Kg2 Qg3+ 29. Kh1 Qh4+ 30. Kg1 h6 31. Qxd5 Bb6+ 32. Bc5 Bxc5+ 33. Kg2 Qg3+ 34. Kh1 Qh3# 0-1

[Event "Early-Titled-Tuesday-Blitz-August-29-2023"]
[Site "Chess.com"]
[Date "2023.08.29"]
[Round "1"]
[White "Alexander_Donchenko"]
[Black "RIPOL"]
[Result "1-0"]
[WhiteElo "2865"]
[BlackElo "2455"]
[TimeControl "180+1"]
[EndTime "8:06:56 PDT"]
[Termination "Alexander_Donchenko won by resignation"]

1. Nf3 d5 2. g3 Bg4 3. Bg2 Nd7 4. h3 Bh5 5. O-O c6 6. d3 e5 7. c4 d4 8. e3 dxe3 9. Bxe3 Ngf6 10. Nc3 Be7 11.
Qb3 Qc7 12. d4 Bxf3 13. Bxf3 exd4 14. Bxd4 O-O 15. Ne4 Nxe4 16. Bxe4 Bc5 17. Rad1 Bxd4 18. Rxd4 Nc5 19. Qc2 Nxe4 20. Qxe4 Rfe8 21. Qg4 Rad8 22. Rfd1 g6 23. Rd7 Rxd7 24. Rxd7 Qc8 25. Qd4 a6 26. h4 h5 27. b3 b5 28. c5 a5 29. Kg2 b4 30.
Qd6 Qa6 31. Qf6 Rf8 32. Qe7 a4 33. g4 axb3 34. axb3 hxg4 35. h5 Qa1 36. hxg6 Qg7 37. gxf7+ Kh7 38. Qh4+ Qh6 39. Qxg4 Qf6 40. Rd6 1-0

[Event "Early-Titled-Tuesday-Blitz-August-29-2023"]
[Site "Chess.com"]
[Date "2023.08.29"]
[Round "1"]
[White "SashaKuzhilniy"]
[Black "le_poisson"]
[Result "0-1"]
[WhiteElo "2616"]
[BlackElo "2320"]
[TimeControl "180+1"]
[EndTime "8:06:56 PDT"]
[Termination "le_poisson won by resignation"]

1. b3 e5 2. Bb2 Nc6 3. c4 Nf6 4. e3 d5 5. cxd5 Nxd5 6. a3 Bd6 7. d3 O-O 8. Nf3 a6 9. Nbd2 Bg4 10. h3 Bh5 11.
Be2 Qe7 12. O-O Kh8 13. Nc4 Rae8 14. b4 f5 15. Nxd6 cxd6 16. Rc1 f4 17. e4 Nc7 18. d4 exd4 19. Nxd4 Bxe2 20. Nxc6 Qxe4 21. Qxd6 Bxf1 22. Rxf1 Qxc6 23. Qd4 Ne6 24. Qe5 f3 25. g3 Qc7 26.
Qh5 Qf7 27. Qh4 Qf5 28. Rc1 Rc8 29. Re1 Rce8 30. Kh2 Ng5 31. Rc1 Re2 32. Bd4 Re4 33. Bxg7+ Kxg7 34. Rc7+ Rf7 35. Rxf7+ Nxf7 36. g4 Qf4+ 37. Qg3 Qxg3+ 38. Kxg3 Re2 0-1

[Event "Early-Titled-Tuesday-Blitz-August-29-2023"]
[Site "Chess.com"]
[Date "2023.08.29"]
[Round "1"]
[White "Sadykov_Ramil"]
[Black "Irina_Mikhaylova"]
[Result "1-0"]
[WhiteElo "2618"]
[BlackElo "2285"]
[TimeControl "180+1"]
[EndTime "8:06:56 PDT"]
[Termination "Sadykov_Ramil won by resignation"]

1. d4 Nf6 2. Nc3 d5 3. Bf4 c6 4. e3 g6 5. h4 h5 6. Nf3 Bg7 7. Be2 Bg4 8. Ne5 Bxe2 9. Qxe2 Nbd7 10. O-O-O Qa5 11. Kb1 Rd8 12. f3 Nxe5 13. Bxe5 b5 14. Qe1 b4 15. Ne2 O-O 16. Nc1 Qb5 17. Nd3 a5 18. Bxf6 exf6 19. g4 hxg4 20. fxg4 a4 21.
Qxb4 Qxb4 22. Nxb4 Rc8 23. c3 Rfe8 24. Rde1 Bh6 25.
Nc2 Re6 26. h5 Kg7 27. Kc1 Rce8 28. Kd2 Bg5 29. Kd3 f5 30. gxf5 gxf5 31. Rhg1 Kh6 32. Rg2 Re4 33. Rf1 f4 34. exf4 Bxf4 35. Rgf2 Kg5 36. Rg2+ Kh6 37. Rg4 f5 38. Rgxf4 1-0

[Event "Early-Titled-Tuesday-Blitz-August-29-2023"]
[Site "Chess.com"]
[Date "2023.08.29"]
[Round "1"]
[White "GM4life"]
[Black "TranJMinh"]
[Result "1-0"]
[WhiteElo "2504"]
[BlackElo "2898"]
[TimeControl "180+1"]
[EndTime "8:06:57 PDT"]
[Termination "GM4life won on time"]

1. e4 c5 2. Nf3 d6 3. d4 cxd4 4.
Nxd4 Nf6 5. Nc3 a6 6. Bd3 Nbd7 7. O-O e6 8. Be3 Be7 9. f4 O-O 10. Qf3 Nc5 11. Rae1 Nfd7 12. Qh3 Nxd3 13. cxd3 Nc5 14.
Bf2 Bf6 15. e5 Be7 16. b4 dxe5 17. fxe5 Nd7 18. a3 a5 19. bxa5 Rxa5 20. Ncb5 Nb6 21.
Qg4 Nd5 22. Rc1 Bd7 23. Nd6 Rxa3 24. Nxb7 Qb8 25. Nc5 Bxc5 26. Rxc5 Qxe5 27. Bg3 Qe3+ 28. Bf2 Qxd3 29. Rxd5 f5 30. Nxf5 exf5 31. Rxd3 Rxd3 32. Qc4+ 1-0

[Event "Early-Titled-Tuesday-Blitz-August-29-2023"]
[Site "Chess.com"]
[Date "2023.08.29"]
[Round "1"]
[White "MaevskiyNikolay"]
[Black "HackWithBlack"]
[Result "1-0"]
[WhiteElo "2684"]
[BlackElo "2367"]
[TimeControl "180+1"]
[EndTime "8:06:57 PDT"]
[Termination "MaevskiyNikolay won on time"]

1. d4 d5 2. Nf3 Nf6 3. c4 c6 4. Nc3 e6 5. g3 Nbd7 6. Bg2 Be7 7. b3 O-O 8. O-O b6 9. Bf4 Bb7 10. Ne5 Nxe5 11. dxe5 Nd7 12. cxd5 cxd5 13. e4 Rc8 14. Rc1 Ba3 15. Rc2 Bb4 16. Qd4 Bxc3 17. Rxc3 Rxc3 18. Qxc3 dxe4 19. Rd1 Qc8 20. Qd4 Nc5 21.
b4 Nd3 22. Bxe4 Nxf4 23. gxf4 Bxe4 24. Qxe4 a5 25. b5 Qc5 26. a4 g6 27. Rd6 Rc8 28.
Kg2 Qc4 29. Rd4 Qc1 30. Qb7 Qc5 31. Rd7 Rf8 32. Qc6 Qb4 33. Kg3 Qa3+ 34. f3 1-0

[Event "Early-Titled-Tuesday-Blitz-August-29-2023"]
[Site "Chess.com"]
[Date "2023.08.29"]
[Round "1"]
[White "Orujov2008"]
[Black "Iunusovnuriddin"]
[Result "0-1"]
[WhiteElo "2601"]
[BlackElo "2298"]
[TimeControl "180+1"]
[EndTime "8:06:58 PDT"]
[Termination "Iunusovnuriddin won by resignation"]

1. e4 e5 2. Nf3 Nc6 3. Bb5 a6 4. Ba4 Nf6 5. d4 exd4 6. O-O b5 7. Bb3 d6 8. Ng5 Be6 9. Bxe6 fxe6 10. Nxe6 Qd7 11. Nxd4 Be7 12. Nxc6 Qxc6 13. Nc3 Nxe4 14. Nxe4 Qxe4 15. Re1 Qf5 16. Qe2 Qf6 17. f3 Kf7 18.
Bd2 Rhe8 19. Bc3 Qg6 20. Qd2 c6 21. a4 Qg5 22. f4 Qc5+ 23. Bd4 Qd5 24. Qc3 b4 25. Qe3 c5 26. Rad1 cxd4 27. Rxd4 Qf5 28. Qb3+ Kf8 29. Qxb4 Bf6 30. Rxd6 Rxe1+ 31. Qxe1 Qc5+ 32.
Kh1 Qxd6 33. h3 Rd8 34. Kh2 Qxf4+ 35. Kh1 Be5 36. Qg1 Rd1 0-1

[Event "Early-Titled-Tuesday-Blitz-August-29-2023"]
[Site "Chess.com"]
[Date "2023.08.29"]
[Round "1"]
[White "matagordo"]
[Black "KChor05TTV"]
[Result "0-1"]
[WhiteElo "2169"]
[BlackElo "2573"]
[TimeControl "180+1"]
[EndTime "8:06:59 PDT"]
[Termination "KChor05TTV won on time"]

1. d4 Nf6 2. Bf4 g6 3. Nc3 d5 4. e3 Bg7 5. h4 h5 6. Be2 c6 7. Nf3 Nbd7 8. Qd2 Ne4 9. Nxe4 dxe4 10. Ng5 Nf6 11. O-O-O b5 12. f3 Bf5 13. fxe4 Nxe4 14.
Nxe4 Bxe4 15. Bf3 Qd5 16. Bxe4 Qxe4 17. Rhf1 O-O 18. Rf3 Rad8 19. Qd3 Qd5 20. Qb3 Qe4 21. Qd3 Qe6 22. Qb3 Qg4 23. Rdf1 Rd5 24. e4 Rxd4 25. Be3 Rc4 26. Bg5 Qxe4 27. g3 e6 28. Re3 Qg2 29.
Qd3 Rd4 30. Qe2 Qd5 31. Kb1 f6 32. Bf4 e5 33. Bxe5 fxe5 34. Re1 Rd8 35. b3 e4 0-1

[Event "Early-Titled-Tuesday-Blitz-August-29-2023"]
[Site "Chess.com"]
[Date "2023.08.29"]
[Round "1"]
[White "ybothg"]
[Black "GMBenjaminBok"]
[Result "0-1"]
[WhiteElo "2483"]
[BlackElo "2907"]
[TimeControl "180+1"]
[EndTime "8:07:01 PDT"]
[Termination "GMBenjaminBok won by resignation"]

1. d4 Nf6 2. Bg5 d5 3. Bxf6 gxf6 4. e3 c5 5. c4 cxd4 6. exd4 Nc6 7. Nf3 Bg4 8. Be2 dxc4 9. Nbd2 b5 10. a4 a6 11.
h3 Bh5 12. d5 Qxd5 13. axb5 Qxb5 14. Bxc4 Qb6 15. O-O Bg7 16. Qa4 O-O 17. Nh2 e6 18.
Ne4 f5 19. Ng3 Bg6 20. Rac1 Nd4 21. b3 Rfb8 22. Rfd1 a5 23. Qd7 Nxb3 24. Rb1 a4 25. Nf3 Rd8 26. Qe7 Rxd1+ 27. Rxd1 a3 28. Nd2 Nxd2 29.
Rxd2 a2 30. Rxa2 Qb1+ 31. Kh2 Rxa2 32. Ne2 Rxe2 33. Bxe2 Qb8+ 34. g3 Bf8 35. Qf6 Bc5 36.
f4 Qd6 37. Qc3 Qd4 38. Qxd4 Bxd4 0-1

[Event "Early-Titled-Tuesday-Blitz-August-29-2023"]
[Site "Chess.com"]
[Date "2023.08.29"]
[Round "1"]
[White "Sl4werThanYou"]
[Black "the_drake"]
[Result "1-0"]
[WhiteElo "2740"]
[BlackElo "2409"]
[TimeControl "180+1"]
[EndTime "8:07:02 PDT"]
[Termination "Sl4werThanYou won by checkmate"]

1. d4 d5 2. Nf3 Nf6 3. c4 e6 4. Nc3 Bb4 5. Qa4+ Nc6 6. e3 O-O 7. Qc2 Ne4 8. Bd3 f5 9. O-O Ne7 10. Ne5 c6 11. Ne2 Bd6 12. b3 Bxe5 13. dxe5 Ng6 14.
Bb2 Qg5 15. f4 Qg4 16. h3 Qh4 17. Bxe4 fxe4 18. Ba3 Re8 19. Bd6 b6 20. cxd5 cxd5 21. Nd4 Ba6 22. Rfc1 Rac8 23. Qf2 Qh6 24. Rxc8 Rxc8 25.
Nxe6 Nxe5 26. Bxe5 Qxe6 27. Qg3 g6 28. Qh4 Bd3 29.
Qh6 Qe7 30. h4 Qf8 31. Qg5 Qd8 32. Qg4 Rc2 33. Qe6+ Kf8 34. h5 Rc8 35. h6 Qe8 36. Bg7# 1-0

[Event "Early-Titled-Tuesday-Blitz-August-29-2023"]
[Site "Chess.com"]
[Date "2023.08.29"]
[Round "1"]
[White "joksijoksi"]
[Black "crescentmoon2411"]
[Result "0-1"]
[WhiteElo "2518"]
[BlackElo "3025"]
[TimeControl "180+1"]
[EndTime "8:07:03 PDT"]
[Termination "crescentmoon2411 won by resignation"]

1. d4 g6 2. c4 Bg7 3. Nc3 d6 4. g3 Nc6 5. Nf3 e5 6. dxe5 dxe5 7. Qxd8+ Nxd8 8. Bg2 c6 9. O-O Ne6 10. Ne4 f5 11. Nd6+ Ke7 12. Nxc8+ Rxc8 13. Rd1 e4 14. Ng5 Nf6 15. Nxe6 Kxe6 16. Be3 b6 17. f3 Rhd8 18. Rac1 exf3 19. exf3 Nd7 20. b3 Ne5 21. Bg5 Rxd1+ 22. Rxd1 Bf6 23. Bxf6 Kxf6 24. h3 Rc7 25. f4 Nf7 26. Kf2 h6 27. g4 fxg4 28. hxg4 g5 29. f5 c5 30. Re1 Re7 31. Rh1 Ne5 32. Bf3 Kg7 33. f6+ Kxf6 34. Rxh6+ Kg7 35. Rd6 Rf7 36. Rd5 Nxf3 37. Kg3 Rf6 38. a3 a5 39. b4 axb4 40. axb4 cxb4 41. Rb5 Kg6 42. Rxb4 Ne5 43. Kh3 Rc6 44. Kg3 Nxc4 45. Rb5 Nd6 46. Rd5 b5 0-1

[Event "Early-Titled-Tuesday-Blitz-August-29-2023"]
[Site "Chess.com"]
[Date "2023.08.29"]
[Round "1"]
[White "ValentunHulka"]
[Black "Road2GM3000"]
[Result "1-0"]
[WhiteElo "2750"]
[BlackElo "2413"]
[TimeControl "180+1"]
[EndTime "8:07:03 PDT"]
[Termination "ValentunHulka won by resignation"]

1. d4 d5 2. c4 c6 3. Nf3 Nf6 4.
Nc3 e6 5. g3 Nbd7 6. Bg2 Be7 7.
O-O O-O 8. Qd3 b6 9. b3 Bb7 10. e4 dxe4 11. Nxe4 Nxe4 12. Qxe4 Nf6 13. Qe2 c5 14. dxc5 Bxc5 15. Bb2 Qe7 16. Rad1 Rad8 17. Rfe1 Rxd1 18. Rxd1 Rd8 19. Rxd8+ Qxd8 20. Qd2 Qxd2 21.
Nxd2 Bxg2 22. Kxg2 Nd7 23. f4 Be7 24. Ne4 Kf8 25.
Kf3 Nc5 26. Nxc5 Bxc5 27. Be5 a6 28. h3 f6 29. Bc3 Ke7 30. Ke4 h5 31. g4 hxg4 32.
hxg4 g6 33. b4 Bd6 34. f5 exf5+ 35. gxf5 g5 36. a3 a5 37. c5 bxc5 38. bxa5 Bc7 39.
a6 Bb6 40. Kd5 Kd7 41. Bxf6 g4 42. Be5 Ke7 43. a4 Ba7 44. a5 Kf7 45. Bc7 Ke7 46.
Bb6 Bxb6 47. axb6 g3 48. b7 g2 49. b8=Q g1=Q 50. Qe5+ Kf7 51. Qe6+ Kf8 52. Qf6+ Ke8 53.
Qe6+ Kf8 54. Qd6+ Kf7 55. Qxc5 Qd1+ 56. Kc6 Qf3+ 57. Qd5+ Qxd5+ 58. Kxd5 1-0

[Event "Early-Titled-Tuesday-Blitz-August-29-2023"]
[Site "Chess.com"]
[Date "2023.08.29"]
[Round "1"]
[White "EvgenyBurmakin"]
[Black "bazar-wokzal"]
[Result "0-1"]
[WhiteElo "2267"]
[BlackElo "2611"]
[TimeControl "180+1"]
[EndTime "8:07:03 PDT"]
[Termination "bazar-wokzal won on time"]

1. e4 Nc6 2. Nf3 d5 3. exd5 Qxd5 4. Nc3 Qa5 5. Bb5 Bd7 6. d4 a6 7.
Ba4 O-O-O 8. d5 Be6 9. Bb3 Bg4 10. Qd3 Nb4 11. Qe3 Nxd5 12. Bxd5 Rxd5 13. Qa7 Bxf3 14. gxf3 Nf6 15. Qa8+ Kd7 16. Qxb7 Re5+ 17. Be3 e6 18. O-O-O+ Bd6 19. f4 Rf5 20. Rhg1 g6 21. Rxd6+ Kxd6 22. Rd1+ Ke7 23. Qc6 Rd8 24. Rxd8 Kxd8 25. Qa8+ Ke7 26.
Qc6 Nd5 27. Ne4 Kf8 0-1

[Event "Early-Titled-Tuesday-Blitz-August-29-2023"]
[Site "Chess.com"]
[Date "2023.08.29"]
[Round "1"]
[White "maksimys18"]
[Black "VOneChess"]
[Result "1-0"]
[WhiteElo "2545"]
[BlackElo "1997"]
[TimeControl "180+1"]
[EndTime "8:07:03 PDT"]
[Termination "maksimys18 won by checkmate"]

1. d4 Nf6 2. Nf3 e6 3. c4 Bb4+ 4. Nc3 b6 5. Bg5 Bb7 6. e3 O-O 7. Bd3 h6 8. Bh4 g5 9. Bg3 Ne4 10. Qc2 f5 11. O-O Bxc3 12. bxc3 d6 13. d5 exd5 14. Nd4 Qf6 15. f3 Nxg3 16. hxg3 c5 17. Nxf5 dxc4 18. Bxc4+ d5 19. Bd3 c4 20. Bxc4 Qxf5 21.
Bd3 Qe5 22. Rae1 Nd7 23. f4 Qg7 24. e4 dxe4 25. Bxe4 Bxe4 26. Qxe4 Nc5 27. Qd5+ Kh8 28. f5 Rad8 29. Qc6 Rf6 30. Qf3 Kh7 31. g4 Rd3 32.
Qa8 Rf8 33. Qc6 Qd7 34. Qg6+ Kh8 35. Qxh6+ Kg8 36. Qxg5+ Qg7 37. Qh5 Qxc3 38. f6 Qd4+ 39. Kh1 Qd5 40. Qg6+ Kh8 41. Qg7# 1-0

[Event "Early-Titled-Tuesday-Blitz-August-29-2023"]
[Site "Chess.com"]
[Date "2023.08.29"]
[Round "1"]
[White "Muracle"]
[Black "Elsa167"]
[Result "0-1"]
[WhiteElo "2463"]
[BlackElo "2880"]
[TimeControl "180+1"]
[EndTime "8:07:05 PDT"]
[Termination "Elsa167 won by checkmate"]

1. d4 Nf6 2. c4 e6 3. g3 c5 4. d5 exd5 5. cxd5 d6 6. Nc3 g6 7. Bg2 Bg7 8. Nf3 O-O 9. O-O Nbd7 10. h3 a6 11. a4 Rb8 12. a5 Ne8 13. Nd2 b5 14. axb6 Nxb6 15. Qc2 Nc7 16. Qd3 Bd7 17.
Nde4 c4 18. Qd1 Bf5 19. Bg5 f6 20. Bf4 Nc8 21. Qc1 Qd7 22. g4 Bxe4 23. Nxe4 f5 24. Ng5 Bxb2 25. Qxc4 Bxa1 26. Rxa1 fxg4 27. Ne6 Nxe6 28.
dxe6 Qb5 29. Qc7 Rxf4 30. Bc6 Qb6 31. Qd7 Qxf2+ 32. Kh1 Qxe2 33. e7 Rf1+ 34. Rxf1 Qxf1+ 35. Kh2 Qf2+ 36. Kh1 Rb1# 0-1

[Event "Early-Titled-Tuesday-Blitz-August-29-2023"]
[Site "Chess.com"]
[Date "2023.08.29"]
[Round "1"]
[White "artin10862"]
[Black "Tsyhanchuk_Stanislav"]
[Result "1-0"]
[WhiteElo "2807"]
[BlackElo "2428"]
[TimeControl "180+1"]
[EndTime "8:07:05 PDT"]
[Termination "artin10862 won by resignation"]

1. e4 c5 2. Nf3 d6 3. Bb5+ Nd7 4. Ba4 a6 5. c3 g6 6. d4 cxd4 7. cxd4 Bg7 8. O-O b5 9. Bb3 Bb7 10. Bxf7+ Kxf7 11. Qb3+ d5 12. Ng5+ Ke8 13. Qf3 Bf6 14. Ne6 Qb6 15. exd5 Qxe6 16. dxe6 Bxf3 17. exd7+ Kxd7 18. gxf3 Bxd4 19. Rd1 e5 20. Be3 Ne7 21. Bxd4 exd4 22.
Rxd4+ Kc6 23. Nc3 Nf5 24. Rd3 Rhe8 25. Rc1 Rac8 26. Na4+ Kb7 27. Rd7+ Kb8 28. Nc5 Rc6 29. b4 h5 30. Rcd1 Nh4 31. Rf7 Rc7 32. Nxa6+ 1-0